Map: Equilibrium LE

Players

NzPureLamb - Winner!

  • Race: Protoss Protoss

QBZ

  • Race: Terran Terran
  • League: Gold

VOD

Have the link to the VOD?

Description

Time

  • Played on: Dec. 20, 2023, 10:06 p.m.
  • Length: 7:04
Show
View Real Time Build Order
Export as new Build Order

NzPureLamb Protoss - Winner!

Build Orders:  

Get SALT Encoding   

  12  0:01  Probe  
  13  0:13  Probe  
  14  0:21  Pylon  
  14  0:29  Probe  
  14  0:33  Assimilator  
  15  0:43  Gateway  
  15  0:47  Probe  
  16  0:59  Probe  
  17  1:11  Probe  
  18  1:23  Probe  
  19  1:31  Cybernetics Core  
  19  1:39  Probe  
  20  1:51  Probe  
  21  2:07  Pylon  
  21  2:12  Adept (Chrono Boost)  
  23  2:21  Gateway  
  23  2:23  Gateway  
  23  2:28  Gateway  
  23  2:32  Twilight Council  
  23  2:35  Pylon  
  23  2:38  Pylon  
  23  2:46  Warp Gate, Adept  
  25  3:05  Nexus  
  25  3:13  Charge (Chrono Boost)  
  25  3:16  Zealot x2  
  29  3:35  Zealot  
  29  3:36  Zealot  
  33  3:42  Pylon  
  33  3:50  Zealot x2  
  37  4:36  Probe  
  38  4:39  Probe  
  38  4:41  Zealot x2  
  38  4:42  Zealot x2  
  47  4:48  Probe  
  47  4:51  Probe  
  49  5:00  Probe  
  49  5:03  Zealot x2, Probe  
  49  5:04  Zealot x2  
  55  5:31  Zealot x2  
  55  5:32  Zealot x2  
  63  5:42  Gateway  
  63  5:45  Gateway  
  51  6:12  Zealot x3  
  51  6:13  Zealot  
Show
View Real Time Build Order
Export as new Build Order

QBZ Terran 

Build Orders: Reaper Expand 

Get SALT Encoding   

  12  0:00  SCV  
  13  0:13  SCV  
  14  0:18  Supply Depot  
  14  0:25  SCV  
  15  0:39  SCV  
  15  0:42  Barracks  
  16  0:45  Refinery  
  16  0:51  SCV  
  17  1:09  SCV  
  18  1:21  SCV  
  19  1:33  Orbital Command, Reaper  
  20  1:45  Command Center  
  20  2:00  SCV  
  21  2:05  Marine  
  21  2:07  Supply Depot  
  22  2:16  Factory  
  22  2:20  SCV  
  23  2:31  Barracks Reactor  
  23  2:33  SCV  
  23  2:36  Refinery  
  24  2:40  Barracks  
  24  2:45  SCV  
  25  2:57  SCV  
  26  3:00  Orbital Command  
  26  3:10  SCV  
  26  3:12  Starport  
  27  3:19  Barracks Tech Lab  
  27  3:21  Bunker  
  27  3:22  SCV  
  27  3:26  SCV  
  29  3:33  Refinery  
  29  3:34  SCV  
  29  3:35  Barracks Reactor  
  29  3:38  Cyclone  
  32  3:44  Cyclone  
  32  3:46  SCV  
  35  3:54  Marine  
  36  3:55  Stimpack  
  36  3:57  SCV  
  38  4:02  SCV  
  38  4:09  SCV  
  39  4:12  Marine  
  39  4:14  Marine  
  39  4:15  SCV, Supply Depot  
  42  4:21  SCV  
  43  4:26  Starport Reactor  
  43  4:27  SCV  
  43  4:30  Marine x2  
  46  4:31  Refinery  
  46  4:35  Factory Tech Lab  
  46  4:36  SCV  
  47  4:38  Supply Depot  
  47  4:39  SCV  
  48  4:48  Barracks, SCV  
  48  4:50  Marine  
  48  4:51  SCV, Marine  
  52  5:00  Siege Tank, SCV  
  52  5:04  SCV  
  52  5:06  Supply Depot  
  57  5:12  SCV  
  58  5:16  Marine x2, SCV  
  59  5:22  Marine  
  57  5:32  SCV, Widow Mine  
  57  5:33  SCV  
  57  5:34  Marine  
  56  5:53  Marine x3  
  56  5:54  Marine x2  
  31  6:09  Medivac x2  
  31  6:10  Marine  
  31  6:11  Marine x2  
  37  6:12  Marine x2  
  27  6:28  Marine x2  
  27  6:29  Marine x2  
  27  6:30  Marine  
Tags
 
Add a new tag
Caveats
  • Supply blocks, unpowered buildings, or Contaminate may cause inaccurate times.
  • Supply counts are checked every 10 seconds.